 Dungeon Sprint DCSS version 0.30-a0-374-g95c0257040 (webtiles) character file.

Game seed: 4747257525369220798

291 rocky1 the Magician (level 6, -2/79 HPs)
             Began as a Gnoll Warper on Nov 26, 2022.
             Was a High Priest of Cheibriados.
             Slain by a shadow wraith (9 damage)
             ... in the Dungeon (Sprint VII: "The Pits").
             The game lasted 00:02:09 (598 turns).

rocky1 the Magician (Gnoll Warper)                   Turns: 598, Time: 00:02:09

Health: -2/79      AC:  3    Str: 21    XL:     6   Next: 32%
Magic:  15/15      EV: 17    Int: 24    God:    Cheibriados [*****.]
Gold:   0          SH:  0    Dex: 24    Spells: 3/18 levels left

rFire   . . .      SeeInvis .    n - +1 long sword (flame)
rCold   . . .      Faith    .    (no shield)
rNeg    . . .      Spirit   .    b - +0 leather armour
rPois   .          Reflect  .    (no helmet)
rElec   .          Harm     .    (no cloak)
rCorr   .          Rampage  .    (no gloves)
Will    .....      NoTele   +    (no boots)
Stlth   ..........               (no amulet)
HPRegen 0.33/turn                (no ring)
MPRegen 0.14/turn                (no ring)

@: berserking, slowed, very slow
A: fangs 1, strong nose, distributed training
a: Renounce Religion, Bend Time, Temporal Distortion, Slouch, Step From Time


You were in the Dungeon.
You worshipped Cheibriados.
Cheibriados was extremely pleased with you.
You visited 1 branch

Inventory:

Hand Weapons
 a - a +0 falchion
 m - a +2 falchion
 n - a +1 long sword of flaming (weapon)
Missiles
 d - 7 boomerangs of dispersal (quivered)
Armour
 b - a +0 leather armour (worn)
Scrolls
 c - 2 scrolls of blinking
 k - 5 scrolls of amnesia
 l - a scroll of summoning
Potions
 e - 6 potions of curing
 f - 5 potions of heal wounds
 g - a potion of haste
 h - 4 potions of magic
 i - a potion of berserk rage
 j - 2 potions of invisibility


   Skills:
 + Level 6.5 Fighting
 + Level 4.5 Short Blades
 + Level 6.5 Long Blades
 + Level 4.5 Axes
 + Level 4.5 Maces & Flails
 + Level 4.5 Polearms
 + Level 4.5 Staves
 + Level 4.5 Ranged Weapons
 + Level 5.3 Throwing
 + Level 5.3 Armour
 + Level 6.5 Dodging
 + Level 4.5 Stealth
 + Level 4.5 Shields
 + Level 4.5 Unarmed Combat
 + Level 6.8 Spellcasting
 + Level 3.8 Conjurations
 + Level 3.8 Hexes
 + Level 3.8 Summonings
 + Level 3.8 Necromancy
 + Level 6.7 Translocations
 + Level 3.8 Transmutations
 + Level 3.8 Fire Magic
 + Level 3.8 Ice Magic
 + Level 3.8 Air Magic
 + Level 3.8 Earth Magic
 + Level 3.8 Poison Magic
 + Level 5.0 Invocations
 + Level 4.5 Evocations


You had 3 spell levels left.
You knew the following spells:

 Your Spells              Type           Power      Damage    Failure   Level
a - Blink                 Tloc           80%        N/A       1%          2
b - Vhi's Electric Charg  Tloc/Air       66%        N/A       3%          3
c - Manifold Assault      Tloc           40%        N/A       5%          4
d - Lesser Beckoning      Tloc           80%        N/A       1%          3
e - Teleport Other        Tloc           40%        N/A       1%          3

Your spell library contained the following spells:

 Spells                   Type           Power      Damage    Failure   Level


Dungeon Overview and Level Annotations

Branches:
Dungeon (1/1)

Altars:
Ashenzari
Cheibriados
Dithmenos
Elyvilon
Fedhas
Gozag
Hepliaklqana
Kikubaaqudgha
Makhleb
Nemelex Xobeh
Okawaru
Qazlal
Ru
Sif Muna
Trog
Uskayaw
Vehumet
Wu Jian
Xom
Yredelemnul
Zin
The Shining One
Jiyva
Lugonu


Innate Abilities, Weirdness & Mutations

You have very sharp teeth.
Your uncanny sense of smell can sniff out nearby items.
Your experience applies equally to all skills.


Message History

Aim: a jackal (asleep)
You charge forward with an electric crackle!
The jackal barks!
You slash the jackal and electrocute it!
You burn the jackal.
You kill the jackal!
Cheibriados appreciates the change of pace.
You start resting.
Magic restored.
You open the door.
You hear a chilling moan.
Casting: Vhi's Electric Charge (dangerous; 3% risk of failure)
Confirm with . or Enter, or press ? or * to list all spells.
You can't see any susceptible monsters within range! (Use Z to cast anyway.)
Casting: Vhi's Electric Charge (dangerous; 3% risk of failure)
Confirm with . or Enter, or press ? or * to list all spells.
You can't see anything to charge at.
Casting: Vhi's Electric Charge (dangerous; 3% risk of failure)
Confirm with . or Enter, or press ? or * to list all spells.
You don't know that spell.
Deactivating autopickup; reactivate with Ctrl-A.
You barely miss something. Something hits you! Something drains your vigour!
You feel yourself slow down. Something hits you! Something drains your vigour!
You feel as though you will be slow longer.
You closely miss something. Something hits you!!
You feel much better. Something barely misses you. x2
A red film seems to cover your vision as you go berserk!
Cheibriados forces you to slow down.
You feel mighty! Something hits you!!
You closely miss something. Something hits you. Something drains your vigour!
You feel as though you will be slow longer.
Something closely misses you.
You closely miss something. Your bite misses something. Something hits you!!
* * * LOW HITPOINT WARNING * * *
You slash something! You burn something! Something hits you!
* * * LOW HITPOINT WARNING * * *
Something drains your vigour!
You feel as though you will be slow longer.
Something hits you!
You die...

#.#...)))[.##.......#
#'###########.......#
#.......# #########
#..#.#..# #.##.##.#
∆∆∆∆ #..)....#+# ∆
#.##)##.#.+ ∆
#..#.#..#{# ∆
#.......'@# ∆
###########


There were no monsters in sight!

Vanquished Creatures
  An ice beast (D)
  A scorpion (D)
  A crimson imp (D)
  An iron imp (D)
  Terence (D)
  3 gnolls (D)
  An adder (D)
  A river rat (D)
  An ufetubus (D)
  A ball python (D)
  A giant cockroach (D)
  A hobgoblin (D)
  A jackal (D)
  A quokka (D)
  A bat (D)
17 creatures vanquished.

Notes
Turn   | Place    | Note
-------+----------+-------------------------------------------
     0 | D        | rocky1 the Gnoll Warper began the quest for the Orb.
     0 | D        | Reached XP level 1. HP: 20/20 MP: 6/6
    11 | D        | Noticed a scorpion
    16 | D        | Killed a scorpion
    17 | D        | Reached skill level 5 in Fighting
    17 | D        | Reached skill level 5 in Long Blades
    17 | D        | Reached skill level 5 in Dodging
    17 | D        | Reached skill level 5 in Spellcasting
    17 | D        | Reached XP level 2. HP: 27/27 MP: 6/8
    17 | D        | Reached XP level 3. HP: 33/33 MP: 7/10
    17 | D        | Reached XP level 4. HP: 39/39 MP: 7/11
    61 | D        | Learned a level 2 spell: Blink
    65 | D        | Learned a level 3 spell: Vhi's Electric Charge
    70 | D        | Learned a level 4 spell: Manifold Assault
    74 | D        | Learned a level 3 spell: Lesser Beckoning
   102 | D        | Found a bloodstained altar of Trog.
   102 | D        | Found a shimmering blue altar of Sif Muna.
   102 | D        | Found a viscous altar of Jiyva.
   102 | D        | Found a hazy altar of Hepliaklqana.
   102 | D        | Found an opulent altar of Gozag.
   103 | D        | Found a glowing golden altar of the Shining One.
   103 | D        | Found a glowing silver altar of Zin.
   103 | D        | Found a basalt altar of Yredelemnul.
   103 | D        | Found a shimmering altar of Xom.
   103 | D        | Found an ornate altar of the Wu Jian Council.
   103 | D        | Found a sacrificial altar of Ru.
   103 | D        | Found a stormy altar of Qazlal.
   103 | D        | Found an iron altar of Okawaru.
   103 | D        | Found a sparkling altar of Nemelex Xobeh.
   103 | D        | Found a burning altar of Makhleb.
   103 | D        | Found a blossoming altar of Fedhas.
   103 | D        | Found a white marble altar of Elyvilon.
   103 | D        | Found a shadowy altar of Dithmenos.
   103 | D        | Found a snail-covered altar of Cheibriados.
   106 | D        | Found a corrupted altar of Lugonu.
   106 | D        | Found a radiant altar of Vehumet.
   107 | D        | Found an ancient bone altar of Kikubaaqudgha.
   107 | D        | Found a hide-covered altar of Uskayaw.
   107 | D        | Found a broken altar of Ashenzari.
   116 | D        | Became a worshipper of Cheibriados the Contemplative
   138 | D        | Reached * piety under Cheibriados
   327 | D        | Reached ** piety under Cheibriados
   352 | D        | Reached *** piety under Cheibriados
   364 | D        | Reached XP level 5. HP: 32/46 MP: 11/13
   419 | D        | Learned a level 3 spell: Teleport Other
   463 | D        | Reached **** piety under Cheibriados
   491 | D        | Noticed Terence
   491 | D        | Noticed an ice beast
   496 | D        | Reached ***** piety under Cheibriados
   497 | D        | Killed an ice beast
   498 | D        | Reached skill level 5 in Throwing
   498 | D        | Reached skill level 5 in Armour
   498 | D        | Reached XP level 6. HP: 53/53 MP: 5/15
   504 | D        | Killed Terence
   505 | D        | Reached skill level 5 in Invocations
   598 | D        | Slain by a shadow wraith

Illustrated notes

Levels and vault maps discovered:
D:        pitsprint [storerooms_1, entrance_room_1, metal_vault_2, armoury_3,
          mini_pit_1, grid_room_1, main_hall_1, silver_pit, the_coven_2,
          the_vestibule_1, steel_vault_3, golden_pit, hallway_of_sentries,
          crystal_vault_2, iron_vault_2, final_vault]

Skill      XL: |  1  2  3  4  5  6 |
---------------+-------------------+-----
Fighting       | 5 6 |  6.5
Short Blades   | 2 3 4 |  4.5
Long Blades    | 5 6 |  6.5
Axes           | 2 3 4 |  4.5
Maces & Flails | 2 3 4 |  4.5
Polearms       | 2 3 4 |  4.5
Staves         | 2 3 4 |  4.5
Ranged Weapons | 2 3 4 |  4.5
Throwing       | 3 4 5 |  5.3
Armour         | 3 4 5 |  5.3
Dodging        | 5 6 |  6.5
Stealth        | 2 3 4 |  4.5
Shields        | 2 3 4 |  4.5
Unarmed Combat | 2 3 4 |  4.5
Spellcasting   | 5 6 |  6.8
Conjurations   | 2 3 |  3.8
Hexes          | 2 3 |  3.8
Summonings     | 2 3 |  3.8
Necromancy     | 2 3 |  3.8
Transmutations | 2 3 |  3.8
Fire Magic     | 2 3 |  3.8
Ice Magic      | 2 3 |  3.8
Air Magic      | 2 3 |  3.8
Earth Magic    | 2 3 |  3.8
Poison Magic   | 2 3 |  3.8
Invocations    | 2 3 4 5 |  5.0
Evocations     | 2 3 4 |  4.5
Translocations | 6 |  6.7

Action                   |  1- 3 |  4- 6 || total
-------------------------+-------+-------++-------
Melee: Falchion          |     3 |    36 ||    39
       Bite              |       |     2 ||     2
       Punch             |       |     1 ||     1
       Long sword        |       |    19 ||    19
 Cast: Vhi's Electric Ch |       |     2 ||     2
Invok: Slouch            |       |     1 ||     1
  Use: Potion            |     1 |     2 ||     3
 Stab: Sleeping          |       |     2 ||     2
Armor: Leather armour    |       |     5 ||     5
Dodge: Dodged            |     3 |    35 ||    38

Table legend: (Time is in decaauts)
 A = Elapsed time spent in this place.
 B = Non-inter-level travel time spent in this place.
 C = Inter-level travel time spent in this place.
 D = Time resting spent in this place.
 E = Time spent auto-exploring this place.
 F = Levels seen in this place.
 G = Mean time per level.
                   A        B        C        D        E       F      G
               +--------+--------+--------+--------+--------+-----+--------+
         Total |    665 |    646 |     19 |    373 |      0 |   1 |  665.0 |
       Dungeon |    665 |    646 |     19 |    373 |      0 |   1 |  665.0 |
               +--------+--------+--------+--------+--------+-----+--------+

Top non-repeatable levels by time:
       D: 665 daAuts
